 Dungeon Crawl Stone Soup version 0.27.1-33-g824d729ab1 (webtiles) character file.

Game seed: 3554755637906153529

1536 ticklebelly the Skirmisher (level 8, -4/74 HPs)
             Began as a Minotaur Berserker on Jan 1, 2022.
             Was a Priest of Trog.
             Slain by KittyFluff's ghost (8 damage)
             ... on level 5 of the Dungeon.
             The game lasted 00:26:48 (4510 turns).

ticklebelly the Skirmisher (Minotaur Berserker)     Turns: 4510, Time: 00:26:48

Health: -4/74      AC:  8    Str: 25    XL:     8   Next: 56%
Magic:  7/7        EV: 11    Int:  4    God:    Trog [***...]
Gold:   97         SH:  0    Dex:  9    Spells: 7/7 levels left

rFire    . . .     SeeInvis .   a - +0 hand axe
rCold    + . .     Faith    .   (no shield)
rNeg     . . .     Spirit   .   f - +1 scale mail {rPois}
rPois    +         Reflect  .   (helmet restricted)
rElec    .         Harm     .   (no cloak)
rCorr    .         Rampage  .   (no gloves)
Will     .....                  (no boots)
Stlth    ..........             (no amulet)
HPRegen  0.22/turn              u - ring of flight
MPRegen  0.10/turn              w - ring of protection from cold

@: mighty, brilliant, on berserk cooldown, flying, slowed, very slow
A: horns 2, retaliatory headbutt
a: Renounce Religion, Berserk, Trog's Hand


You were on level 5 of the Dungeon.
You worshipped Trog.
Trog was most pleased with you.
You visited 1 branch of the dungeon, and saw 5 of its levels.
You also visited: Sewer.

You collected 97 gold pieces.

Inventory:

Hand Weapons
 a - a +0 hand axe (weapon)
Missiles
 b - a throwing net (quivered)
Armour
 f - a +1 scale mail of poison resistance (worn)
Jewellery
 u - a ring of flight (left hand)
 w - a ring of protection from cold (right hand)
Wands
 v - a wand of iceblast (5)
Scrolls
 d - 2 scrolls of magic mapping {unknown}
 e - a scroll of vulnerability {unknown}
 h - 2 scrolls of enchant armour {unknown}
 j - a scroll of acquirement
 k - a scroll of noise {unknown}
 n - 3 scrolls of fog
 p - a scroll of immolation {unknown}
 q - 2 scrolls of fear
 r - a scroll of enchant weapon {unknown}
 t - a scroll of blinking {unknown}
Potions
 c - a potion of invisibility {unknown}
 g - a potion of might
 l - a potion of ambrosia {unknown}
 m - 2 potions of resistance {unknown}
 o - 2 potions of haste {unknown}


   Skills:
 + Level 7.7 Fighting
 + Level 7.6 Axes
 + Level 6.3 Armour
 + Level 5.7 Dodging
 + Level 1.2 Evocations


You had 7 spell levels left.
You didn't know any spells.
Your spell library was empty.

Dungeon Overview and Level Annotations

Branches:
Dungeon (5/15)              Sewer (visited)
 Temple: D:4-7

Altars:
Qazlal
Sif Muna
Zin

Annotations:
D:5 KittyFluff's ghost, novice GrBe


Innate Abilities, Weirdness & Mutations

You have a pair of horns on your head.
You reflexively headbutt those who attack you in melee.


Message History

The floor.
KittyFluff's ghost is nearby!
It was a potion of brilliance.
You feel clever all of a sudden. KittyFluff's ghost barely misses you.
KittyFluff's ghost completely misses you.
It was a potion of curing.
You feel better.
KittyFluff's ghost hits you but does no damage.
You feel better.
KittyFluff's ghost hits you but does no damage.
KittyFluff's ghost closely misses you.
It was a potion of might.
You feel very mighty all of a sudden.
KittyFluff's ghost hits you but does no damage.
You hit KittyFluff's ghost.
KittyFluff's ghost is moderately damaged.
KittyFluff's ghost hits you!
* * * LOW HITPOINT WARNING * * *
KittyFluff's ghost hits you.
* * * LOW HITPOINT WARNING * * *
As you read the scroll labelled JAECISUXIXA, it crumbles to dust.
You assume a fearsome visage.
The plant is unaffected. x3
KittyFluff's ghost is unaffected.
It was a scroll of fear.
KittyFluff's ghost says very slowly, "There's no hope."
KittyFluff's ghost hits you.
* * * LOW HITPOINT WARNING * * *
This is a scroll of acquirement!
You hear the hiss of flowing sand.
There is an entrance to an ossuary on this level.
Hurry and find it before the portal is buried!
Level annotation: KittyFluff's ghost, novice GrBe Welcome back, ticklebelly the Minotaur Berserker.
Trog says: Kill them all!
Press ? for a list of commands and other information.
Something appears at your feet! KittyFluff's ghost misses you.
You furiously retaliate!
You headbutt KittyFluff's ghost.
KittyFluff's ghost hits you but does no damage.
As you read the scroll labelled XUMONYOZXU, it crumbles to dust.
The scroll dissolves into smoke.
It was a scroll of fog.
KittyFluff's ghost hits you!
You die...

♣♣♣ ♣@♣
≈≈≈.≈§§§W§..#
♣♣P≈≈§♣P§♣♣##
♣♣P≈.♣♣♣♣ ♣♣≈
♣≈ ♣


You could see KittyFluff's ghost.

Vanquished Creatures
  Pikel (D:4)
  Grinder (D:4)
  The ghost of ticklebelly the Chopper, an amateur MiBe of Trog (D:4)
  The ghost of safid the Chopper, an amateur HOFi (D:4)
  2 lemures (D:4)
  2 kobold brigands (Sewer)
  The ghost of dnasty the Firebug, an amateur TeFE (D:3)
  A scorpion (D:4)
  A jelly (D:3)
  A centaur zombie (D:3)
  Crazy Yiuf (D:2)
  A centaur skeleton (D:3)
  Jessica (D:2)
  An iguana (D:4)
  Terence (D:2)
  A howler monkey skeleton (D:3)
  8 adders
  An adder skeleton (D:3)
  3 worms
  13 dart slugs
  2 orcs (D:4)
  5 ball pythons
  10 endoplasms
  4 giant cockroaches
  11 goblins
  8 hobgoblins
  7 jackals (D:1)
  3 quokkas
  7 bats
  A frilled lizard (D:3)
  16 kobolds
  9 rats
126 creatures vanquished.

Notes
Turn   | Place    | Note
-------+----------+-------------------------------------------
     0 | D:1      | ticklebelly the Minotaur Berserker began the quest for the
                  | Orb.
     0 | D:1      | Reached XP level 1. HP: 19/19 MP: 0/0
   143 | D:1      | Reached XP level 2. HP: 27/27 MP: 1/1
   529 | D:1      | Found a faded altar of an unknown god.
   534 | D:1      | Reached ** piety under Trog
   539 | D:1      | Reached XP level 3. HP: 29/34 MP: 2/2
  1108 | D:2      | You fall into a shaft and drop 2 floors!
  1291 | D:4      | Reached XP level 4. HP: 35/41 MP: 3/3
  1390 | D:3      | Found a transporter.
  1425 | D:3      | Found a transporter.
  1425 | D:3      | Noticed dnasty's ghost (amateur TeFE)
  1502 | D:3      | Found a stormy altar of Qazlal.
  1732 | D:3      | Reached skill level 5 in Fighting
  1732 | D:3      | Reached skill level 5 in Axes
  1743 | D:3      | Reached XP level 5. HP: 38/48 MP: 4/4
  1896 | D:3      | Found a glowing drain.
  1914 | Sewer    | Entered a sewer
  1928 | Sewer    | Reached *** piety under Trog
  2288 | Sewer    | Reached XP level 6. HP: 47/56 MP: 5/5
  2575 | D:2      | Found a runed translucent door.
  2576 | D:2      | Noticed Crazy Yiuf
  2587 | D:2      | Killed Crazy Yiuf
  2855 | D:2      | Noticed Jessica
  2860 | D:2      | Killed Jessica
  3009 | D:2      | Noticed Terence
  3021 | D:2      | Killed Terence
  3304 | D:3      | Found a shimmering blue altar of Sif Muna.
  3490 | D:3      | Found a glowing silver altar of Zin.
  3692 | D:3      | Killed dnasty's ghost
  3693 | D:3      | Reached XP level 7. HP: 58/64 MP: 6/6
  3945 | D:4      | Noticed Pikel
  3962 | D:4      | Killed Pikel
  3963 | D:4      | Reached skill level 5 in Armour
  3963 | D:4      | Reached skill level 5 in Dodging
  3963 | D:4      | Reached XP level 8. HP: 67/73 MP: 7/7
  3965 | D:4      | Reached **** piety under Trog
  4203 | D:4      | Noticed Grinder
  4216 | D:4      | Killed Grinder
  4460 | D:4      | Noticed KittyFluff's ghost (novice GrBe)
  4460 | D:4      | Noticed ticklebelly's ghost (amateur MiBe)
  4460 | D:4      | Noticed safid's ghost (amateur HOFi)
  4461 | D:4      | Found a runed translucent gate.
  4461 | D:4      | Found a runed translucent gate.
  4461 | D:4      | Found a runed translucent gate.
  4479 | D:4      | Killed safid's ghost
  4483 | D:4      | Killed ticklebelly's ghost
  4484 | D:4      | Reached skill level 1 in Evocations
  4502 | D:5      | Entered Level 5 of the Dungeon
  4508 | D:5      | HP: 3/74 [KittyFluff's ghost (2)]
  4509 | D:5      | Identified 2 scrolls of acquirement
  4509 | D:5      | Acquired the +6 broad axe "Joimaysi" {protect, *Rage +Rage
                  | rElec rC+ Str+6 Stlth-}
  4510 | D:5      | Slain by KittyFluff's ghost

Illustrated notes

Levels and vault maps discovered:
D:1:      minmay_arrival_four_loops, layout_rooms,
          shapermc_ecumenical_altar_mp_highgroup, bh_walls_and_bars
D:2:      layout_loops_ring, minmay_surrounded, uniq_crazy_yiuf_cottage,
          uniq_terence, uniq_jessica
D:3:      layout_basic, mainiacjoe_overflow_small_starburst, lemuel_round_altar,
          mainiacjoe_overflow_six_doors_small, serial_curves, eino_curves_01,
          eino_curves_04, gammafunk_ghost_mausoleum, gup_sewer_entry_bubbles
D:4:      kennysheep_slugbush, layout_loops_cross, gammafunk_ghost_cemetery,
          minmay_diced_spiral, uniq_pikel, uniq_grinder
D:5:      layout_basic, nicolae_kikubaaqudgha_miasma_corner, enter_ossuary_5,
          minivault_1, serial_bayou_crossing, uniq_edmund, uniq_sigmund

Skill      XL: |  1  2  3  4  5  6  7  8 |
---------------+-------------------------+-----
Fighting       | 4 5 6 7 |  7.7
Axes           | 4 5 6 7 |  7.6
Armour         | 3 4 5 6 |  6.3
Dodging        | 3 4 5 |  5.7
Evocations     | 1 |  1.2

Action                   |  1- 3 |  4- 6 |  7- 9 || total
-------------------------+-------+-------+-------++-------
Melee: Hand axe          |    72 |   168 |    74 ||   314
       Headbutt          |    12 |    30 |     5 ||    47
Invok: Berserk           |       |     1 |     2 ||     3
       Trog's Hand       |       |     1 |     2 ||     3
  Use: Potion            |       |       |     4 ||     4
       Scroll            |       |       |     3 ||     3
Armor: Animal skin       |     5 |       |       ||     5
       Scale mail        |    16 |    70 |    27 ||   113
Dodge: Dodged            |    36 |    97 |    36 ||   169
